 Dungeon Crawl Stone Soup version 0.27-a0-40-g5f2be0e231 (webtiles) character file.

Game seed: 1565979275762746823

351 jestyr24 the Covert (level 6, -9/40 HPs)
             Began as an Octopode Brigand on Jan 6, 2021.
             Mangled by delverdan's ghost (12 damage)
             ... on level 3 of the Dungeon.
             The game lasted 00:15:54 (2646 turns).

jestyr24 the Covert (Octopode Brigand)              Turns: 2646, Time: 00:15:54

Health: -9/40      AC:  1    Str: 10    XL:     6   Next: 61%
Magic:  6/6        EV: 13    Int: 13    God:
Gold:   189        SH:  0    Dex: 16    Spells: 5/5 levels left

rFire    . . .     SeeInvis .   d - +2 dagger (speed)
rCold    . . .     Faith    .   (no shield)
rNeg     . . .     Spirit   .   (helmet restricted)
rPois    .         Reflect  .   (no amulet)
rElec    .         Harm     .   (no ring)
rCorr    .         Rampage  .   (no ring)
Will     .....                  (no ring)
Stlth    +++++.....             (no ring)
HPRegen  0.13/turn              (no ring)
MPRegen  0.10/turn              (no ring)
                                (no ring)
                                (no ring)

@: no status effects
A: almost no armour, stealthy swim, amphibious, 8 rings, constrict 8, camouflage
1, gelatinous body 1
a: no special abilities


You were on level 3 of the Dungeon.
You visited 1 branch of the dungeon, and saw 3 of its levels.

You collected 189 gold pieces.

Inventory:

Hand Weapons
 a - a +2 dagger
 d - a +2 dagger of speed (weapon)
 g - a +0 mace
 k - a +1 hand axe of draining
Missiles
 b - 8 poisoned darts (quivered)
 c - 2 curare-tipped darts
 e - 101 stones
Wands
 o - a wand of flame (9)
Scrolls
 f - a scroll of blinking {unknown}
 h - 4 scrolls of identify {unknown}
 j - a scroll of enchant weapon {unknown}
 m - 2 scrolls of noise {unknown}
 p - 2 scrolls of remove curse {unknown}
Potions
 i - 3 potions of heal wounds {unknown}
 l - a potion of degeneration {unknown}
 n - a potion of curing {unknown}
 q - a potion of might {unknown}


   Skills:
 - Level 2.3 Fighting
 + Level 4.5 Short Blades
 - Level 2.1 Throwing
 - Level 1.2 Dodging
 + Level 8.6 Stealth


You had 5 spell levels left.
You didn't know any spells.
Your spell library was empty.

Dungeon Overview and Level Annotations

Branches:
Dungeon (3/15)

Altars:
Cheibriados

Annotations:
D:3 delverdan's ghost, amateur TrDe


Innate Abilities, Weirdness & Mutations

You cannot wear most types of armour.
You are very stealthy in the water. (Stealth+)
You are amphibious.
You can wear up to eight rings at the same time.
You can use your tentacles to constrict eight enemies at once.
Your skin changes colour to match your surroundings (Stealth+).
Your rubbery body absorbs attacks. (AC +1, EV +1)


Message History

Okay, then.
Evoke which item? (* to show all) (? for menu, Esc to quit)
Aiming: Throw Flame
Press: ? - help, Shift-Dir - straight line, f/p - delverdan's ghost
Aim: delverdan's ghost (moderately damaged, 32% to evade)
The puff of flame hits delverdan's ghost.
Delverdan's ghost is heavily damaged.
Delverdan's ghost barely misses you.
Evoke which item? (* to show all) (? for menu, Esc to quit)
Aiming: Throw Flame
Press: ? - help, Shift-Dir - straight line, f/p - delverdan's ghost
Aim: delverdan's ghost (heavily damaged, 32% to evade)
The puff of flame hits delverdan's ghost.
Delverdan's ghost is heavily damaged.
Delverdan's ghost hits you!
* * * LOW HITPOINT WARNING * * *
You hit delverdan's ghost.
Delverdan's ghost is heavily damaged.
Delverdan's ghost hits you!
You die...

...####### #..........#
...#####################
..........)..$#....(##
....####.............##
###...................#
# #####............$..#
# #...............# #
#...............# #
#.....###'@'###.# #
##....#.♣.W..(# #
##...#...((..# #
#####..♣....# #
#.....((# # #.(.(...# #
#########


You could see delverdan's ghost.

Vanquished Creatures
  Sigmund (D:2)
  Natasha (thrice) (D:2)
  4 adders
  2 worms
  3 dart slugs
  An orc (D:3)
  6 bats
  4 giant cockroaches
  8 goblins
  8 hobgoblins
  A ball python (D:2)
  5 frilled lizards
  8 kobolds
  8 rats
62 creatures vanquished.

Notes
Turn   | Place    | Note
-------+----------+-------------------------------------------
     0 | D:1      | jestyr24 the Octopode Brigand began the quest for the Orb.
     0 | D:1      | Reached XP level 1. HP: 14/14 MP: 1/1
   103 | D:1      | Reached XP level 2. HP: 19/19 MP: 2/2
   165 | D:1      | Reached skill level 6 in Stealth
   897 | D:1      | Reached XP level 3. HP: 24/24 MP: 3/3
  1185 | D:2      | Noticed Natasha
  1190 | D:2      | Killed Natasha
  1191 | D:2      | Reached XP level 4. HP: 29/29 MP: 4/4
  1255 | D:2      | Noticed Sigmund
  1278 | D:2      | Killed Sigmund
  1279 | D:2      | Reached skill level 8 in Stealth
  1279 | D:2      | Reached XP level 5. HP: 23/35 MP: 5/5
  1279 | D:2      | Reached XP level 6. HP: 26/40 MP: 6/6
  1773 | D:2      | Found a faded altar of an unknown god.
  1920 | D:2      | Noticed Natasha
  1960 | D:2      | Killed Natasha
  2128 | D:2      | Noticed Natasha
  2139 | D:2      | Killed Natasha
  2485 | D:3      | Found a snail-covered altar of Cheibriados.
  2622 | D:3      | Found a runed translucent gate.
  2623 | D:3      | Found a runed translucent gate.
  2626 | D:3      | Found a runed translucent gate.
  2626 | D:3      | Noticed delverdan's ghost (amateur TrDe)
  2646 | D:3      | Mangled by delverdan's ghost

Illustrated notes

Levels and vault maps discovered:
D:1:      wander_arrival_fairy_ring, layout_loops_corners
D:2:      layout_loops_ring, chequers_ecumenical_altar_simple_redux,
          chequers_serial_rivers_marsh, uniq_sigmund, uniq_natasha
D:3:      layout_rooms, ebering_ghost_rock_garden, cheibriados_altar_1

Skill      XL: |  1  2  3  4  5  6 |
---------------+-------------------+-----
Stealth        | 6 8 |  8.6
Short Blades   | 3 4 |  4.5
Fighting       | |  2.3
Throwing       | |  2.1
Dodging        | |  1.2

Action                   |  1- 3 |  4- 6 || total
-------------------------+-------+-------++-------
Melee: Dagger            |    34 |    88 ||   122
       Constrict         |     5 |    16 ||    21
       Tentacles         |     3 |    17 ||    20
Throw: Dart              |     2 |       ||     2
Evoke: Wand              |       |     4 ||     4
 Stab: Sleeping          |    15 |    11 ||    26
Armor: Skin              |     3 |     1 ||     4
Dodge: Dodged            |     7 |    27 ||    34

Table legend: (Time is in decaauts)
 A = Elapsed time spent in this place.
 B = Non-inter-level travel time spent in this place.
 C = Inter-level travel time spent in this place.
 D = Time resting spent in this place.
 E = Time spent auto-exploring this place.
 F = Levels seen in this place.
 G = Mean time per level.
                   A        B        C        D        E       F      G
               +--------+--------+--------+--------+--------+-----+--------+
         Total |   2590 |   2486 |    104 |    271 |   1462 |   3 |  863.3 |
       Dungeon |   2590 |   2486 |    104 |    271 |   1462 |   3 |  863.3 |
               +--------+--------+--------+--------+--------+-----+--------+

Top non-repeatable levels by time:
     D:1: 1151 daAuts
     D:2: 1091 daAuts
     D:3: 348 daAuts
